 Dungeon Crawl Stone Soup version 0.27-a0-1456-gf5a116941d (webtiles) character file.

Game seed: 8719715838155128495

3 Arzdou the Chopper (level 1, -1/20 HPs)
             Began as a Minotaur Berserker on July 6, 2021.
             Was a Follower of Trog.
             Succumbed to a kobold's poison
             ... on level 1 of the Dungeon.
             The game lasted 00:00:26 (267 turns).

Arzdou the Chopper (Minotaur Berserker)              Turns: 267, Time: 00:00:26

Health: -1/20      AC:  2    Str: 21    XL:     1   Next: 41%
Magic:  0/0        EV: 12    Int:  4    God:    Trog [*.....]
Gold:   0          SH:  0    Dex:  9    Spells: 0/0 levels left

rFire    . . .     SeeInvis .   a - +0 hand axe
rCold    . . .     Faith    .   (no shield)
rNeg     . . .     Spirit   .   b - +0 animal skin
rPois    .         Reflect  .   (helmet restricted)
rElec    .         Harm     .   (no cloak)
rCorr    .         Rampage  .   (no gloves)
Will     .....                  (no boots)
Stlth    +.........             (no amulet)
HPRegen  0.06/turn              (no ring)
MPRegen  0.07/turn              (no ring)

@: lethally poisoned (-1 -> -18)
A: horns 2, retaliatory headbutt
a: Renounce Religion, Berserk


You were on level 1 of the Dungeon.
You worshipped Trog.
Trog was aware of your devotion.
You visited 1 branch of the dungeon, and saw 1 of its levels.

Inventory:

Hand Weapons
 a - a +0 hand axe (weapon)
Armour
 b - a +0 animal skin (worn)


   Skills:
 * Level 3.7 Fighting
 + Level 3.8 Axes
 + Level 2.4 Armour
 + Level 2.2 Dodging


You couldn't memorise any spells.
You didn't know any spells.
Your spell library was empty.

Dungeon Overview and Level Annotations

Branches:
Dungeon (1/15)

Altars:


Innate Abilities, Weirdness & Mutations

You have a pair of horns on your head.
You reflexively headbutt those who attack you in melee.


Message History

You are no longer berserk.
You are exhausted.
You feel yourself slow down.
You feel yourself speed up.
You recover from your berserk rage.
HP restored.
Things that are here:
a +0 dagger; a kobold corpse An endoplasm comes into view.
The endoplasm quivers.
An endoplasm is nearby!
The endoplasm hits you but does no damage.
You hit the endoplasm. You headbutt the endoplasm.
You kill the endoplasm!
Trog accepts your kill.
No target in view!
A kobold comes into view. It is wielding a +1 dagger of venom.
A kobold is nearby!
The kobold throws a stone.
The stone hits you but does no damage.
You closely miss the kobold.
The kobold hits you with a +1 dagger of venom.
You are poisoned.
You hit the kobold but do no damage.
You feel sick.
The kobold hits you with a +1 dagger of venom.
You are lethally poisoned!
The kobold hits you but does no damage.
You are more poisoned.
You hit the kobold.
You kill the kobold!
Trog accepts your kill.
* * * LOW HITPOINT WARNING * * *
You feel very sick.
There is a lethal amount of poison in your body!
There is a lethal amount of poison in your body!
There is a lethal amount of poison in your body!
* * * LOW HITPOINT WARNING * * *
You feel very sick.
Things that are here:
a +1 dagger of venom; 3 stones; a kobold corpse You die...

############
...........####
♣.....@).....####
♣♣♣♣♣♣..........##
♣♣♣♣♣♣......##
♣♣♣.....##
♣♣♣....### ♣♣♣
♣♣♣....## ♣♣♣P♣♣♣
♣♣♣♣...
♣♣♣.....♣♣♣♣♣ ♣.♣.
♣♣♣..♣♣♣♣♣....♣♣♣♣
♣.♣..


There were no monsters in sight!

Vanquished Creatures
  An endoplasm (D:1)
  2 kobolds (D:1)
  A rat (D:1)
4 creatures vanquished.

Notes
Turn   | Place    | Note
-------+----------+-------------------------------------------
     0 | D:1      | Arzdou the Minotaur Berserker began the quest for the Orb.
     0 | D:1      | Reached XP level 1. HP: 19/19 MP: 0/0
   267 | D:1      | Succumbed to a kobold's poison

Illustrated notes

Levels and vault maps discovered:
D:1:      kilobyte_arrival_exit_the_forest, layout_basic,
          hellmonk_ecumenical_altar_lost_god, kennysheep_boxes

Action                   || total
-------------------------++-------
Melee: Hand axe          ||    11
       Headbutt          ||     1
Invok: Berserk           ||     1
Armor: Animal skin       ||     3
Dodge: Dodged            ||     3

Table legend: (Time is in decaauts)
 A = Elapsed time spent in this place.
 B = Non-inter-level travel time spent in this place.
 C = Inter-level travel time spent in this place.
 D = Time resting spent in this place.
 E = Time spent auto-exploring this place.
 F = Levels seen in this place.
 G = Mean time per level.
                   A        B        C        D        E       F      G
               +--------+--------+--------+--------+--------+-----+--------+
         Total |    283 |    283 |      0 |      2 |    250 |   1 |  283.0 |
       Dungeon |    283 |    283 |      0 |      2 |    250 |   1 |  283.0 |
               +--------+--------+--------+--------+--------+-----+--------+

Top non-repeatable levels by time:
     D:1: 283 daAuts
